[Event "ICCopen2017"]
[Site "Internet Chess Club"]
[Date "2017.04.02"]
[Round "11"]
[White "JUGGERNOT"]
[Black "ComplexZeta"]
[Result "1-0"]
[ICCResult "Black forfeits on time"]
[WhiteElo "1708"]
[BlackElo "1801"]
[Opening "Bird's opening"]
[ECO "A02"]
[NIC "VO.07"]
[Time "21:10:35"]
[TimeControl "180+0"]

1. f4 f5 2. Nf3 Nf6 3. e3 g6 4. Bc4 Bg7 5. O-O e6 6. d4 d5 7. Bb3 O-O 8. c4
c6 9. Ne5 Nbd7 10. Nc3 Nxe5 11. fxe5 Ne4 12. Nxe4 fxe4 13. Rxf8+ Qxf8 14.
Bd2 Bd7 15. Qe2 Qf5 16. Rf1 Qg5 17. Bb4 Bf8 18. Bxf8 Rxf8 19. Rxf8+ Kxf8 20.
Qf2+ Kg7 21. Qf4 Qxf4 22. exf4 h6 23. Kf2 g5 24. g3 Kg6 25. c5 Kf5 26. Ke3
gxf4+ 27. gxf4 Be8 28. Bd1 h5 29. h3 h4 30. Bg4+ Kg6 31. Bxe6 Kh6 32. Bc8 b6
33. cxb6 axb6 34. b4 Kg7 35. f5 Kf7 36. Kf4 Ke7 37. a4 Kd8 38. Be6 Ke7 39.
Bg8 Kf8 40. Be6 Ke7 41. a5 bxa5 42. bxa5 c5 43. a6 Bc6 44. dxc5 Ba8 45. Ke3
Bc6 46. Kd4 Ba8 47. a7 Bb7 48. Bg8 Ba8 49. f6+ Kf8 50. Be6 Ke8 51. Bf5 Kf7
52. Bg4 Kg6 53. Bf5+ Kf7 54. Ke3 Bc6 55. Bc8 Ba8 56. Kf4 Bc6 57. Ke3 Ba8 58.
Kd4 Kg6 59. Be6 Bb7 60. f7 Kg7 61. Ke3 Kf8 62. Kd4 Ke7 63. Bg4 Kxf7 64. e6+
Ke7 65. Ke5 e3 66. Kd4 e2 67. Bxe2 Kxe6 68. Bg4+ Ke7 69. Bf3 Kd8 70. Bxd5
Kc7 71. Bxb7 Kxb7 72. Kd5 Kxa7 73. Kd6 Kb8 74. Kd7 Kb7 75. c6+ Kb6 76. c7
Kc5 77. c8=Q+ Kd4 78. Qc4+ Kxc4 79. Ke6 Kd4 80. Kf5 Kd5 81. Kg4 Ke6 82. Kxh4
Kf7 83. Kh5 Kg7 84. Kg5 Kh8 85. h4 Kg8 86. Kh5 Kh8 87. Kg5 Kg8 88. Kg4 Kh8
89. Kf4 Kg8 90. Kf5 Kh8 91. Kf6 Kh7 92. Kg5 {Black forfeits on time} 1-0

[Event "ICCopen2017"]
[Site "Internet Chess Club"]
[Date "2017.04.02"]
[Round "11"]
[White "Eigeneier"]
[Black "kwameh72"]
[Result "1-0"]
[ICCResult "Black forfeits on time"]
[WhiteElo "1746"]
[BlackElo "1560"]
[Opening "Queen's pawn: Torre attack"]
[ECO "A46"]
[NIC "QP.04"]
[Time "21:10:40"]
[TimeControl "180+0"]

1. d4 Nf6 2. Nf3 e6 3. Bg5 h6 4. Bh4 g5 5. Bg3 Bg7 6. c4 d6 7. Nc3 Nh5 8. e4
Nxg3 9. hxg3 Nc6 10. Qd2 Qe7 11. Rd1 Bd7 12. Be2 O-O-O 13. a3 f5 14. b4 fxe4
15. Nxe4 g4 16. b5 gxf3 17. bxc6 Bxc6 18. Bxf3 Ba4 19. Rb1 Bc6 20. O-O h5
21. d5 exd5 22. cxd5 Be8 23. Qb4 b6 24. Rfc1 h4 25. a4 hxg3 26. Nxg3 Bg6 27.
Rb3 Qh4 28. Qc4 Qxc4 29. Rxc4 Be5 30. Rg4 Be8 31. a5 Bd7 32. Rc4 Rhf8 33.
axb6 axb6 34. Rb1 Rf4 35. Rbc1 Rxc4 36. Rxc4 b5 37. Rc1 Kb7 38. Ne4 Ra8 39.
Rb1 Ra5 40. Be2 b4 41. Rxb4+ Kc8 42. Rb1 Rc5 43. Bf3 Rc4 44. g3 Bd4 45. Kg2
Bc5 46. Re1 Kb7 47. Re2 Kb6 48. Re3 Kb5 49. Re2 Kb4 50. Rb2+ Ka3 51. Re2 Rb4
52. g4 Rb8 53. Kg3 Rg8 54. g5 Bf5 55. Kf4 Bxe4 56. Rxe4 Rf8+ 57. Kg4 Rg8 58.
Re2 Ka4 59. Rd2 Kb5 60. Rd3 Kb6 61. Kf4 Kb7 62. Kf5 Kc8 63. Kf6 Rf8+ 64. Kg7
Rd8 65. g6 Kb7 66. Kf7 Rc8 67. g7 Rb8 68. g8=Q Rxg8 69. Kxg8 Kb6 70. Kg7
{Black forfeits on time}
1-0

[Event "ICCopen2017"]
[Site "Internet Chess Club"]
[Date "2017.04.02"]
[Round "11"]
[White "YHWH"]
[Black "blackhole1"]
[Result "1-0"]
[ICCResult "Black forfeits on time"]
[WhiteElo "1540"]
[BlackElo "1511"]
[Opening "QGD: 4.Bg5 Be7"]
[ECO "D53"]
[NIC "QO.13"]
[Time "21:10:35"]
[TimeControl "180+0"]

1. d4 d5 2. c4 e6 3. Nc3 Nf6 4. Bg5 Be7 5. Nf3 a6 6. a4 b6 7. e3 O-O 8. Qc2
Bb7 9. Bd3 dxc4 10. Bxc4 Nbd7 11. Be2 Rc8 12. O-O c5 13. Qd2 cxd4 14. Nxd4
Nc5 15. Bd1 e5 16. Nf3 Bxf3 17. Qxd8 Rfxd8 18. Bxf3 e4 19. Be2 Rd2 20. Rab1
h6 21. Bh4 g5 22. Bg3 Nb3 23. Bd1 Nc5 24. h3 Nd3 25. Be2 Nxb2 26. Nd1 Rxe2
27. Be5 Nxd1 28. Rfxd1 Ne8 29. Rxb6 f6 30. Bd4 Nd6 31. Rxa6 Nc4 32. Kf1 Ra2
33. Ra7 Bc5 34. Bxf6 Nd2+ 35. Kg1 Bxa7 36. Rb1 Rcc2 37. Rb7 Bxe3 38. fxe3
Nc4 39. Rg7+ Kf8 40. Rb7 Rxg2+ 41. Kh1 Rh2+ 42. Kg1 Rag2+ 43. Kf1 Rf2+ 44.
Ke1 Rxf6 45. Rb8+ Kf7 46. Rb7+ Kg6 47. Rb4 Rc6 48. Rb5 Nxe3 49. Rxg5+ hxg5
50. h4 {Black forfeits on time} 1-0

[Event "ICCopen2017"]
[Site "Internet Chess Club"]
[Date "2017.04.02"]
[Round "11"]
[White "cap78red"]
[Black "BillietheKid"]
[Result "1/2-1/2"]
[ICCResult "Black ran out of time and White has no material to mate"]
[WhiteElo "1283"]
[BlackElo "1421"]
[Opening "English: symmetrical variation"]
[ECO "A34"]
[NIC "EO.64"]
[Time "21:10:14"]
[TimeControl "180+0"]

1. c4 c5 2. Nc3 d6 3. e4 Nf6 4. d3 Nc6 5. f4 g6 6. Nf3 Bg7 7. Be2 O-O 8. O-O
a6 9. f5 gxf5 10. exf5 Bxf5 11. Nh4 Bg6 12. Nf5 Nd4 13. Nxg7 Nxe2+ 14. Nxe2
Kxg7 15. Rf3 d5 16. Rh3 h5 17. Bg5 dxc4 18. dxc4 Qxd1+ 19. Rxd1 e6 20. Nf4
Bf5 21. Bxf6+ Kxf6 22. Nxh5+ Ke7 23. Re3 Bg4 24. Rde1 Bxh5 25. Re5 Bg6 26.
Rxc5 Rac8 27. Rxc8 Rxc8 28. b3 Rd8 29. Re2 Rd1+ 30. Kf2 Ra1 31. g4 Bb1 32.
h4 Rxa2 33. h5 Rxe2+ 34. Kxe2 Ba2 35. h6 Kf8 36. g5 Kg8 37. Kd3 Bxb3 38. Kc3
Bd1 39. Kb4 Be2 40. c5 Kh7 41. Ka5 Kg6 42. Kb6 Bf3 43. Ka5 Be4 44. Kb6 e5
45. Ka5 Kxg5 46. Kb6 Kxh6 47. c6 Bxc6 48. Ka5 Kg5 49. Kb6 Kf4 50. Ka7 e4 51.
Kb8 e3 52. Kc7 e2 53. Kb6 e1=Q 54. Ka7 Qb4 55. Kb8 Ke5 56. Kc7 Ke6 57. Kb8
Ke7 58. Ka7 Kd7 59. Kb8 Bd5 60. Ka7
{Black ran out of time and White has no material to mate}
1/2-1/2

[Event "ICCopen2017"]
[Site "Internet Chess Club"]
[Date "2017.04.02"]
[Round "11"]
[White "EGBERTONE"]
[Black "PaulieChessnut"]
[Result "0-1"]
[ICCResult "White forfeits on time"]
[WhiteElo "1478"]
[BlackElo "1390"]
[Opening "Réti opening"]
[ECO "A30"]
[NIC "QP.10"]
[Time "21:11:42"]
[TimeControl "180+0"]

1. Nf3 c5 2. c4 e6 3. Nc3 Nf6 4. e4 d6 5. d3 Be7 6. g3 Nc6 7. Bg2 a6 8. h3
Bd7 9. O-O O-O 10. Be3 Nd4 11. Nxd4 cxd4 12. Bxd4 e5 13. Be3 Qc8 14. Kh2 Rb8
15. Rc1 Qd8 16. Bg5 h6 17. Bxf6 Bxf6 18. Nd5 Bc6 19. Nxf6+ Qxf6 20. b3 b5
21. f4 exf4 22. Rxf4 Qe5 23. Qf3 f5 24. cxb5 Ba8 25. Rc7 Rxb5
{White forfeits on time}
0-1

[Event "ICCopen2017"]
[Site "Internet Chess Club"]
[Date "2017.04.02"]
[Round "11"]
[White "giovana64"]
[Black "Ataraxia"]
[Result "1/2-1/2"]
[ICCResult "Game drawn by repetition"]
[WhiteElo "1691"]
[BlackElo "1916"]
[Opening "King's Indian: Petrosian system"]
[ECO "E92"]
[NIC "KI.17"]
[Time "21:10:19"]
[TimeControl "180+0"]

1. d4 Nf6 2. c4 d6 3. Nc3 g6 4. e4 Bg7 5. Nf3 O-O 6. Be2 e5 7. d5 Na6 8. Bg5
h6 9. Bh4 Nc5 10. Nd2 a5 11. b3 Qe8 12. a3 Bd7 13. Qc2 g5 14. Bg3 h5 15. f3
h4 16. Bf2 Nh5 17. O-O Nf4 18. b4 axb4 19. axb4 Na6 20. Rfb1 f5 21. Bf1 Qh5
22. c5 g4 23. Bxa6 Rxa6 24. Rxa6 bxa6 25. b5 axb5 26. Nxb5 Bxb5 27. Rxb5
Ne2+ 28. Kf1 gxf3 29. gxf3 Nf4 30. cxd6 cxd6 31. Rb7 Rf7 32. Qc8+ Kh7 33.
Rxf7 Qxf7 34. Qxf5+ Qxf5 35. exf5 Nd3 36. Ne4 Bf8 37. Bxh4 Nb4 38. Nf6+ Kh8
39. Nd7 Kg8 40. Nxf8 Kxf8 41. Ke2 Nxd5 42. Bg5 Kf7 43. h4 Nc7 44. Kd3 d5 45.
Bd8 Nb5 46. Bb6 Nd6 47. Bc7 Nxf5 48. Bxe5 Nxh4 49. f4 Ke6 50. Kd4 Nf5+ 51.
Kd3 Ne7 52. Bb8 Nc6 53. Be5 Nxe5+ 54. fxe5 Kxe5 55. Ke3 Kd6 56. Kd3 Kc5 57.
Kc3 d4+ 58. Kd3 Kd5 59. Kd2 Ke4 60. Ke2 Ke5 61. Kd3 Kd5 62. Kd2 Ke4 63. Ke2
Kd5 64. Kd3 Kc5 65. Kd2 Kc4 66. Kc2 Kb4 67. Kd2 Kc5 68. Kd3 Kd5 69. Kd2 Ke4
70. Ke2 d3+ 71. Kd2 Kd4 72. Kd1 Kc3 73. Kc1 Kc4 74. Kd2 Kd4 75. Kd1 Ke3 76.
Ke1 Ke4 77. Kd2 Kd4 78. Kd1 Kc3 79. Kc1 Kc4 80. Kd1 Kc5 81. Kd2 Kd4 82. Kd1
Ke5 83. Ke1 Ke4 84. Kd2 Kd4 85. Kd1 {Game drawn by repetition} 1/2-1/2

[Event "ICCopen2017"]
[Site "Internet Chess Club"]
[Date "2017.04.02"]
[Round "11"]
[White "makingnosense"]
[Black "Tlaloc"]
[Result "1-0"]
[ICCResult "Black forfeits on time"]
[WhiteElo "2209"]
[BlackElo "2477"]
[Opening "QGD: exchange, positional line"]
[ECO "D35"]
[NIC "QO.16"]
[Time "21:10:18"]
[TimeControl "180+0"]

1. d4 Nf6 2. c4 e6 3. Nc3 d5 4. cxd5 exd5 5. Bg5 Nbd7 6. e3 c6 7. Qc2 Be7 8.
Bd3 O-O 9. Nge2 Re8 10. O-O Nf8 11. Rae1 Be6 12. f3 N6d7 13. Bf4 Rc8 14. e4
dxe4 15. fxe4 f6 16. Kh1 Bf7 17. Rd1 c5 18. d5 c4 19. d6 cxd3 20. Rxd3 Qb6
21. dxe7 Rxe7 22. b3 Ne5 23. Rdd1 Qa6 24. Qb1 Nfg6 25. Be3 Rec7 26. Bd4 b5
27. Ng3 b4 28. Nd5 Rc2 29. Nf5 Bxd5 30. exd5 Qb7 31. Bxe5 Nxe5 32. Nd6 Qd7
33. Nxc8 Rxc8 34. Qe4 Qd6 35. Rc1 Rd8 36. Rfd1 a5 37. h3 h6 38. Qd4 Qa6 39.
d6 Qe2 40. Rd2 Qh5 41. Qd5+ Kh7 42. Qe4+ Kg8 43. Rc7 Qg5 44. Rd1 Qh5 45.
Qd5+ Kh7 46. d7 Qf5 47. Rd4 h5 48. Ra7 Kh6 49. Qe4 Qf1+ 50. Kh2 Qf2 51. Qf4+
Qxf4+ 52. Rxf4 Rxd7 53. Rxd7 Nxd7 54. Rc4 Kg6 55. Rc6 Kf5 56. Ra6 Ne5 57.
Rxa5 Ke4 58. Rb5 Nd3 59. Rb8 g5 60. Ra8 h4 61. a3 bxa3 62. Rxa3 f5 63. Ra4+
Ke3 64. Ra5 f4 65. Rxg5 Ne1 66. Rg8 f3 67. gxf3 Nxf3+ 68. Kg2 Nd4 69. Kf1
Nxb3 70. Rh8 Nd2+ 71. Kg2 Nf3 72. Re8+ Kf4 73. Rf8+ Ke3 74. Rxf3+ Ke4 75.
Rf7 Ke5 76. Rg7 Kd6 77. Rh7 Kd5 78. Rh6 Kc5 79. Rh5+ Kc6 80. Rxh4 Kb6 81.
Rg4 {Black forfeits on time} 1-0

[Event "ICCopen2017"]
[Site "Internet Chess Club"]
[Date "2017.04.02"]
[Round "11"]
[White "Radja"]
[Black "simplerxiao"]
[Result "0-1"]
[ICCResult "White forfeits on time"]
[WhiteElo "2384"]
[BlackElo "2069"]
[Opening "KP: Patzer opening"]
[ECO "C20"]
[NIC "KP.10"]
[Time "21:09:49"]
[TimeControl "180+0"]

1. e4 e5 2. Qh5 Nc6 3. Bc4 g6 4. Qf3 Nf6 5. Ne2 Bg7 6. d3 O-O 7. Nbc3 d6 8.
h3 Nd4 9. Nxd4 exd4 10. Nd5 Nd7 11. Qg3 Ne5 12. Bb3 a5 13. a3 a4 14. Ba2 Be6
15. f4 Nd7 16. f5 Be5 17. Qf3 Qh4+ 18. Kd1 Bxd5 19. Bxd5 c6 20. Ba2 Rae8 21.
Rf1 Qg3 22. fxg6 Qxf3+ 23. Rxf3 hxg6 24. Bh6 Bg7 25. Bf4 Ne5 26. Bxe5 Bxe5
27. Kd2 Kg7 28. Raf1 f6 29. c3 Ra8 30. Be6 Ra6 31. c4 Rb6 32. Kc2 c5 33. g4
g5 34. Bd7 Ra6 35. Be6 Raa8 36. Rh1 Rh8 37. Bd5 Rab8 38. Be6 Ra8 39. Bd5 Ra7
40. h4 Rxh4 41. Rxh4 gxh4 42. Rh3 Bg3 43. Kd1 Kg6 44. Ke2 Kg5 45. Kf3 Ra6
46. Rh1 Rb6 47. Rb1 Rb3 48. Ke2 Kxg4 49. Be6+ Kg5 50. Bd7 Rb6 51. Bxa4 h3
52. Kf3 Be5 53. Bd7 h2 54. Kg2 Kf4 55. Bf5 Ke3 56. b4 Kxd3 57. Rd1+ Kxc4 58.
bxc5 dxc5 59. Rc1+ Kd3 60. a4 Rb2+ 61. Kh1 c4 {White forfeits on time} 0-1

[Event "ICCopen2017"]
[Site "Internet Chess Club"]
[Date "2017.04.02"]
[Round "11"]
[White "rotyi59"]
[Black "Heian"]
[Result "1-0"]
[ICCResult "Black forfeits on time"]
[WhiteElo "1576"]
[BlackElo "1498"]
[Opening "Ruy Lopez: exchange, Alekhine variation"]
[ECO "C68"]
[NIC "RL.08"]
[Time "21:10:07"]
[TimeControl "180+0"]

1. e4 e5 2. Nf3 Nc6 3. Bb5 a6 4. Bxc6 dxc6 5. d4 exd4 6. Qxd4 Qxd4 7. Nxd4
Bd7 8. Nc3 O-O-O 9. Be3 Ne7 10. O-O-O h6 11. Nb3 Ng6 12. Bc5 Be6 13. Bxf8
Rhxf8 14. Nd4 Bd7 15. f3 Ne7 16. Nde2 f5 17. Rd2 g5 18. Rhd1 f4 19. h3 Ng6
20. b3 Be6 21. Rxd8+ Rxd8 22. Rxd8+ Kxd8 23. Nd4 Kd7 24. Nde2 Nh4 25. g3
fxg3 26. Nxg3 Nxf3 27. Nce2 Bxh3 28. c4 Bg4 29. Kc2 h5 30. Nf1 Ne1+ 31. Kd2
Bxe2 32. Kxe2 Ng2 33. Kf3 Ne1+ 34. Ke2 Nc2 35. Kd2 Nd4 36. Ke3 c5 37. Nh2
Ke6 38. Nf3 g4 39. Ng5+ Kf6 40. Nh7+ Kg7 41. Ng5 Kg6 42. Kf4 Ne2+ 43. Ke3
Nc1 44. Ne6 Nxa2 45. Nf4+ Kg5 46. e5 Nb4 47. e6 Nc6 48. Nd5 Kg6 49. e7 Kf7
50. Nxc7 Nxe7 51. Kf4 Ng6+ 52. Kg5 g3 53. Nd5 g2 54. Ne3 g1=Q+ 55. Kxh5
{Black forfeits on time}
1-0

[Event "ICCopen2017"]
[Site "Internet Chess Club"]
[Date "2017.04.02"]
[Round "11"]
[White "msenger"]
[Black "glokoll"]
[Result "1-0"]
[ICCResult "Black forfeits on time"]
[WhiteElo "1531"]
[BlackElo "1537"]
[Opening "Robatsch (modern) defense"]
[ECO "B06"]
[NIC "KF.05"]
[Time "21:12:01"]
[TimeControl "180+0"]

1. e4 g6 2. d4 Bg7 3. c3 c5 4. Nf3 cxd4 5. cxd4 d6 6. Nc3 Bg4 7. Be3 Nc6 8.
Be2 Bxf3 9. Bxf3 e6 10. O-O Nge7 11. Re1 O-O 12. Qd2 h5 13. Rad1 a6 14. d5
Ne5 15. dxe6 Nxf3+ 16. gxf3 Nc8 17. exf7+ Rxf7 18. f4 Qh4 19. Qe2 b6 20. Qf3
Raa7 21. Nd5 Rab7 22. b3 a5 23. Qg2 Kh7 24. Rd3 Qd8 25. Bd2 b5 26. Rg3 b4
27. Rxg6 Ne7 28. Nxe7 Rbxe7 29. f5 Rf6 30. Qg5 Qf8 31. Qxh5+ Kg8 32. Bg5
Rxg6 33. Qxg6 Rd7 34. f6 Qf7 35. Qxg7+ Qxg7 36. fxg7 Rxg7 37. h4 Kf7 38. Rd1
Ke6 39. Kf1 Rd7 40. f3 Ke5 41. Kf2 d5 42. Rxd5+ Rxd5 43. exd5 Kxd5 44. h5
Ke5 45. f4+ Ke6 46. Kf3 Kf7 47. Ke4 Kg7 48. Kd5 Kf7 49. Kc5 Ke6 50. Kb5 Kf5
51. Kxa5 {Black forfeits on time} 1-0

[Event "ICCopen2017"]
[Site "Internet Chess Club"]
[Date "2017.04.02"]
[Round "11"]
[White "ural"]
[Black "tirandopiezas"]
[Result "1-0"]
[ICCResult "Black checkmated"]
[WhiteElo "2354"]
[BlackElo "2025"]
[Opening "King's gambit"]
[ECO "C30"]
[NIC "KG.05"]
[Time "21:12:29"]
[TimeControl "180+0"]

1. e4 e5 2. f4 Nc6 3. Nf3 f5 4. exf5 e4 5. Ne5 Nf6 6. d3 exd3 7. Bxd3 Bc5 8.
Nc3 O-O 9. Na4 Bd4 10. Nxc6 dxc6 11. c3 Re8+ 12. Kf1 Bb6 13. Nxb6 axb6 14.
Bc4+ Kh8 15. Qxd8 Rxd8 16. Be6 Re8 17. Bxc8 Raxc8 18. h3 Rcd8 19. Kf2 Ne4+
20. Kf3 Rd3+ 21. Be3 Nd2+ 22. Kg4 Rexe3 23. Rhe1 Rg3+ 24. Kh4 Kg8 25. Re2
Rge3 26. Rae1 Rxe2 27. Rxe2 Kf7 28. b3 Nf1 29. g4 Ne3 30. c4 Nd1 31. g5 Nc3
32. Re6 Rd6 33. Re3 Nd1 34. Rf3 Rd2 35. Kg3 Rxa2 36. Rd3 Nf2 37. Rd7+ Kf8
38. Rxc7 Ne4+ 39. Kf3 Nc5 40. Rc8+ Ke7 41. Rc7+ Kd6 42. Rxg7 Nxb3 43. f6
Nd2+ 44. Kg4 Ne4 45. Rxb7 Nf2+ 46. Kf5 Nxh3 47. f7 Nxf4 48. f8=Q#
{Black checkmated}
1-0

[Event "ICCopen2017"]
[Site "Internet Chess Club"]
[Date "2017.04.02"]
[Round "11"]
[White "kabindra"]
[Black "Seraphim"]
[Result "0-1"]
[ICCResult "White forfeits on time"]
[WhiteElo "1636"]
[BlackElo "1822"]
[Opening "Sicilian: Smith-Morra gambit"]
[ECO "B21"]
[NIC "SI.48"]
[Time "21:12:05"]
[TimeControl "180+0"]

1. e4 c5 2. d4 cxd4 3. c3 dxc3 4. Nxc3 a6 5. Bc4 d6 6. a4 e6 7. Nf3 Nc6 8.
Bf4 Be7 9. O-O Nf6 10. Qe2 O-O 11. Rfd1 Qa5 12. Ng5 h6 13. Nf3 Rd8 14. Qe3
Ng4 15. Qd2 Nce5 16. Nxe5 Nxe5 17. Be2 Ng6 18. Be3 Bd7 19. Rab1 Rac8 20. b4
Qc7 21. Rdc1 Qb8 22. b5 a5 23. Bb6 Re8 24. Bxa5 Ne5 25. Bb4 Nc4 26. Bxc4
Rxc4 27. Rd1 Rec8 28. Ne2 Rc2 29. Qd3 Qa7 30. Re1 Qxa4 31. Bxd6 Bxd6 32.
Qxd6 Bxb5 33. Nd4 Rd2 34. Rxb5 Qxd4 35. Qxd4 Rxd4 36. Rxb7 Rxe4 37. Reb1 Rf4
38. g3 Rf6 39. Ra7 Rc2 40. Rf1 Rf3 41. Kg2 Rf5 42. g4 Rg5 43. Kg3 h5 44. h3
f5 45. f4 Rg6 46. g5 e5 47. fxe5 Rxg5+ 48. Kf4 Rgg2 49. Kxf5 Rgf2+
{White forfeits on time}
0-1

[Event "ICCopen2017"]
[Site "Internet Chess Club"]
[Date "2017.04.02"]
[Round "11"]
[White "ChessOptimist"]
[Black "uptonjr"]
[Result "1-0"]
[ICCResult "Black forfeits on time"]
[WhiteElo "2028"]
[BlackElo "1768"]
[Opening "King's Indian: Sämisch, 5...O-O"]
[ECO "E81"]
[NIC "KI.54"]
[Time "21:13:04"]
[TimeControl "180+0"]

1. d4 Nf6 2. c4 g6 3. Nc3 Bg7 4. e4 d6 5. f3 O-O 6. Be3 c5 7. d5 e6 8. Qd2
exd5 9. cxd5 Re8 10. Bd3 Nbd7 11. b3 Qa5 12. Nge2 Ne5 13. Bc2 Nh5 14. Rc1 a6
15. h3 Qd8 16. O-O c4 17. g4 Nf6 18. Bg5 cxb3 19. axb3 Qb6+ 20. Be3 Qd8 21.
Ng3 h5 22. f4 Ned7 23. gxh5 Nxh5 24. Nxh5 gxh5 25. Kh2 Nf6 26. Rg1 Kh8 27.
Rg2 Rg8 28. Rcg1 Bh6 29. Bd4 Rxg2+ 30. Rxg2 Bg7 31. e5 dxe5 32. Bxe5 Bd7 33.
Qd3 Kg8 34. Ne4 Nxe4 35. Rxg7+ Kf8 36. Qxe4 Qb6 37. Qg2 {Black forfeits on
time} 1-0